 Dungeon Crawl Stone Soup version 0.26.0-10-g1f06aea511 (webtiles) character file.

Game seed: 16153719069009190916

1019 Borgoz the Skirmisher (level 8, -9/69 HPs)
             Began as a Ghoul Gladiator on Jan 15, 2021.
             Was an Initiate of Ashenzari.
             Mangled by an orc warrior
             ... wielding a +0 scimitar
              (13 damage)
             ... on level 5 of the Dungeon.
             The game lasted 00:06:51 (5946 turns).

Borgoz the Skirmisher (Ghoul Gladiator)             Turns: 5946, Time: 00:06:52

Health: -9/69      AC: 11    Str: 18    XL:     8   Next: 22%
Magic:  7/7        EV: 13    Int:  3    God:    Ashenzari [......]
Gold:   229        SH:  0    Dex: 12    Spells: 4/7 levels left

rFire    . . .     SeeInvis .   a - +0 long sword
rCold    + . .     Faith    .   (no shield)
rNeg     + + +     Spirit   .   s - +2 ring mail {rPois}
rPois    ∞         Reflect  .   c - +0 helmet
rElec    .         Harm     .   n - +0 cloak
rCorr    .         Rampage  .   (no gloves)
Will     .....                  m - +0 pair of boots
Stlth    +.........             (no amulet)
HPRegen  0.00/turn              (no ring)
MPRegen  0.10/turn              (no ring)

@: mighty
A: claws 1, cold resistance 1, negative energy resistance 3, inhibited
regeneration, torment resistance, unbreathing
a: Renounce Religion, Curse Item


You were on level 5 of the Dungeon.
You worshipped Ashenzari.
Ashenzari was noncommittal.
You visited 2 branches of the dungeon, and saw 7 of its levels.

You collected 253 gold pieces.
You spent 24 gold pieces at shops.

Inventory:

Hand Weapons
 a - a +0 long sword (weapon)
Armour
 c - a +0 helmet (worn)
 i - the +1 leather armour of the Lizard {Harm +Blink Int-4 Slay+4}
   (You found it on level 5 of the Dungeon)

   It affects your intelligence (-4).
   It affects your accuracy and damage with ranged weapons and melee attacks
   (+4).
   It lets you blink.
   It increases damage dealt and taken.
 m - a +0 pair of boots (worn)
 n - a +0 cloak (worn)
 s - a +2 ring mail of poison resistance (worn)
Scrolls
 e - 3 scrolls of remove curse
 g - a scroll of fog
 h - a scroll of teleportation
 j - a scroll of enchant armour
Potions
 b - a potion of cancellation {unknown}
 r - a potion of flight


   Skills:
 + Level 5.4 Fighting
 + Level 5.0 Long Blades
 - Level 1.7 Throwing
 + Level 4.0 Armour
 + Level 5.0 Dodging


You had 4 spell levels left.
You knew the following spells:

 Your Spells              Type           Power        Failure   Level
a - Confusing Touch       Hex            0%           97%         3

Your spell library contained the following spells:

 Spells                   Type           Power        Failure   Level
 Corona                   Hex            0%           71%         1
 Ensorcelled Hibernation  Hex/Ice        0%           85%         2
 Dazzling Flash           Conj/Hex       0%           97%         3
 Tukima's Dance           Hex            0%           97%         3


Dungeon Overview and Level Annotations

Branches:
Dungeon (6/15)             Temple (1/1) D:4

Altars:
Ashenzari
Dithmenos
Elyvilon
Fedhas
Gozag
Hepliaklqana
Kikubaaqudgha
Makhleb
Okawaru
Qazlal
Ru
Trog
Uskayaw
Vehumet
Wu Jian
Xom
Zin
The Shining One

Shops:
D:4 ?


Innate Abilities, Weirdness & Mutations

You thrive by killing the living.
You are immune to poison.
You have sharp fingernails.
Your flesh is cold resistant. (rC+)
You are immune to negative energy. (rN+++)
You do not regenerate when monsters are visible.
You are immune to unholy pain and torment.
You can survive without breathing.


Message History

The orc warrior struggles against the net.
You hit the orc warrior.
The orc warrior is heavily wounded.
The orc warrior struggles against the net.
You hit the orc warrior.
The orc warrior is heavily wounded.
The orc warrior struggles against the net.
The net rips apart, and the orc warrior comes free!
You hit the orc warrior.
The orc warrior is severely wounded.
The orc warrior hits you with a +0 scimitar!
* * * LOW HITPOINT WARNING * * *
Unknown command.
You feel better.
The orc warrior hits you with a +0 scimitar!
* * * LOW HITPOINT WARNING * * *
It was a potion of might.
You feel very mighty all of a sudden.
The orc warrior hits you with a +0 scimitar!
You die...

...##.# #.##...##....#......###
...#..###.......#⌠...'....###
##.............##....#....#
##....##.......#.....#...##
#......#.......#_.⌠.##...######
#..##..........#....#......##.#
..###..........##..##........####
...##...........####......##.###.
.............>.o@.........###....
......................#...#....##
.##.....................#......##
...#........<....###...###...##.#
.............[..####..####...####
.................##........#.#.#
...........................#..##
.....#...............######..##
......#..............# #.#..##


You could see an orc warrior.

Vanquished Creatures
  Eustachio (D:5)
  A phantom (D:5)
  2 ogres
  A scorpion (D:5)
  A howler monkey (D:4)
  A jelly (D:4)
  2 hounds
  An orc priest (D:4)
  Crazy Yiuf (D:3)
  A bullfrog skeleton (D:5)
  3 orc wizards
  2 worker ants (D:4)
  A hound skeleton (D:5)
  8 adders
  A white imp (D:5)
  An ooze (D:1)
  5 worms
  2 dart slugs
  2 leopard geckos
  10 orcs
  11 bats
  3 giant cockroaches
  11 hobgoblins
  21 jackals
  12 kobolds
  A quokka (D:4)
  5 frilled lizards
  9 goblins
  2 jackal skeletons
  A leopard gecko skeleton (D:5)
  10 rats
133 creatures vanquished.

Notes
Turn   | Place    | Note
-------+----------+-------------------------------------------
     0 | D:1      | Borgoz the Ghoul Gladiator began the quest for the Orb.
     0 | D:1      | Reached XP level 1. HP: 17/17 MP: 0/0
    26 | D:1      | Reached XP level 2. HP: 25/25 MP: 1/1
   167 | D:1      | Reached XP level 3. HP: 30/30 MP: 2/2
   244 | D:1      | Reached skill level 1 in Armour
   969 | D:2      | Reached XP level 4. HP: 38/38 MP: 3/3
  1221 | D:2      | Found a blossoming altar of Fedhas.
  1658 | D:3      | Reached XP level 5. HP: 45/45 MP: 4/4
  1687 | D:3      | Found a shadowy altar of Dithmenos.
  2055 | D:3      | Found a runed translucent door.
  2056 | D:3      | Noticed Crazy Yiuf
  2423 | D:3      | Found a faded altar of an unknown god.
  2811 | D:3      | Killed Crazy Yiuf
  3105 | D:4      | Reached XP level 6. HP: 52/52 MP: 5/5
  3178 | D:4      | Found a stormy altar of Qazlal.
  3215 | D:4      | Found Duwejehi's Magic Scroll Shoppe.
  3223 | D:4      | Bought a scroll of identify for 24 gold pieces
  3237 | D:4      | Found a broken altar of Ashenzari.
  3264 | D:4      | Became a worshipper of Ashenzari the Shackled
  3349 | D:4      | Found a staircase to the Ecumenical Temple.
  3387 | Temple   | Entered the Ecumenical Temple
  3913 | D:5      | Entered Level 5 of the Dungeon
  4285 | D:4      | Reached XP level 7. HP: 41/60 MP: 6/6
  4539 | D:5      | Learned a level 3 spell: Confusing Touch
  4721 | D:5      | Reached skill level 5 in Fighting
  4933 | D:5      | Noticed Eustachio
  4991 | D:5      | Killed Eustachio
  4992 | D:5      | Reached XP level 8. HP: 25/68 MP: 7/7
  5241 | D:5      | Reached skill level 5 in Dodging
  5385 | D:5      | Reached skill level 5 in Long Blades
  5553 | D:5      | Found an opulent altar of Gozag.
  5554 | D:5      | Found a shimmering altar of Xom.
  5765 | D:5      | Got the uncursed leather armour of the Lizard {Harm +Blink
                  | Int-4 Slay+4}
  5946 | D:5      | Mangled by an orc warrior

Illustrated notes

Levels and vault maps discovered:
D:1:      amcnicky_arrival_underground_garden, layout_loops_ring
D:2:      layout_loops_ring, marbit_many_paths
D:3:      layout_loops_corners, nicolae_overflow_hidden_temple,
          chequers_ecumenical_altar_grove, uniq_crazy_yiuf_cottage
D:4:      layout_basic, lemuel_doored_altar, minmay_temple_entry_arrows,
          serial_shops, shop_fountains, evilmike_ruin_ashenzari
D:5:      layout_layer_cave, gammafunk_temple_overflow_pools, uniq_eustachio
D:6:      layout_rooms, gammafunk_ghost_arena, uniq_sigmund, uniq_maggie
Temple:   nicolae_temple_x_marks_the_god

Skill      XL: |  1  2  3  4  5  6  7  8 |
---------------+-------------------------+-----
Long Blades    | 3 4 5 |  5.0
Dodging        | 3 4 5 |  5.0
Armour         | 1 2 3 4 |  4.0
Fighting       | 3 4 5 |  5.4
Throwing       | |  1.7

Action                   |  1- 3 |  4- 6 |  7- 9 || total
-------------------------+-------+-------+-------++-------
Melee: Long sword        |    98 |   252 |   131 ||   481
Throw: Throwing net      |       |     1 |     5 ||     6
  Use: Scroll            |       |     8 |     3 ||    11
       Potion            |       |     1 |     2 ||     3
 Stab: Sleeping          |       |     1 |       ||     1
       Held in net/web   |       |       |     1 ||     1
Armor: Leather armour    |    32 |    61 |       ||    93
       Ring mail         |       |    46 |   138 ||   184
Dodge: Dodged            |    81 |   204 |   188 ||   473
       Rpst.: Long sword |    30 |    66 |    41 ||   137
